| TOP OF THE 1ST |
|
Erie SeaWolves batting - Pitching for Birmingham Barons : RHP Mario Medrano
|
|
Pitching: RHP Mario Medrano
|
|
|
Batting: RHB Janne Vihko
|
0-0: Ball 1-0: Ground out 6-3 (Groundball, 6, EV 82.5 MPH)
|
|
Batting: LHB Nick Nino
|
0-0: Called Strike 0-1: Ball 1-1: Ground out 1-3 (Groundball, 13S, EV 68.8 MPH)
|
|
Batting: SHB Willie Medina
|
0-0: Called Strike 0-1: Foul Ball, location: 2F 0-2: Ball 1-2: Ground out 6-3 (Groundball, 6M, EV 98.1 MPH)
|
| Top of the 1st over - 0 runs, 0 hits, 0 errors, 0 left on base; Erie 0 - Birmingham 0 |
| BOTTOM OF THE 1ST |
|
Birmingham Barons batting - Pitching for Erie SeaWolves : RHP Martin Murillo
|
|
Pitching: RHP Martin Murillo
|
|
|
Batting: RHB Danny Heikkila
|
0-0: Foul Ball, location: 2F 0-1: Fly out, F8 (Flyball, 89M, EV 90.0 MPH)
|
|
Batting: SHB Veit Geisler
|
0-0: Ball 1-0: Ball 2-0: SINGLE (Line Drive, 8LS, EV 94.4 MPH)
|
|
Batting: SHB Ruben Velasco Jr.
|
0-0: Ball Veit Geisler steals 2nd, throwing error, E2 Veit Geisler to third 1-0: Swinging Strike 1-1: Foul Ball, location: 2F 1-2: Foul Ball, location: 2F 1-2: Foul Ball, location: 2F 1-2: Strikes out looking
|
|
Batting: LHB Carlos Ramirez
|
0-0: Called Strike 0-1: Ball 1-1: Fly out, F9 (Flyball, 89M, EV 88.8 MPH)
|
| Bottom of the 1st over - 0 runs, 1 hit, 1 error, 1 left on base; Erie 0 - Birmingham 0 |
| TOP OF THE 2ND |
|
Erie SeaWolves batting - Pitching for Birmingham Barons : RHP Mario Medrano
|
|
Batting: RHB Benny O'Connor
|
0-0: Ball 1-0: Called Strike 1-1: Fly out, F4 (Line Drive, 34D, EV 65.6 MPH)
|
|
Batting: LHB Afanasy Zasekin
|
0-0: Ball 1-0: Foul Ball, location: 2F 1-1: SINGLE (Groundball, 34D, EV 99.4 MPH)
|
|
Batting: RHB Norm Wood
|
0-0: Ball 1-0: Foul Ball, location: 2F 1-1: Ball 2-1: Ball 3-1: Ground out 6-3 (Groundball, 56, EV 106.9 MPH) Afanasy Zasekin to second
|
|
Batting: LHB Jamie Christian
|
0-0: Swinging Strike 0-1: Ground out 5-3 (Groundball, 56S, EV 79.4 MPH)
|
| Top of the 2nd over - 0 runs, 1 hit, 0 errors, 1 left on base; Erie 0 - Birmingham 0 |
| BOTTOM OF THE 2ND |
|
Birmingham Barons batting - Pitching for Erie SeaWolves : RHP Martin Murillo
|
|
Batting: LHB Jason Bell
|
0-0: Swinging Strike 0-1: Ball 1-1: Called Strike 1-2: Ball 2-2: Ground out 4-3 (Groundball, 34D, EV 86.9 MPH)
|
|
Batting: LHB Herkko Haavikko
|
0-0: Ground out 6-3 (Groundball, 6, EV 78.8 MPH)
|
|
Batting: LHB Matt Hyde
|
0-0: Called Strike 0-1: Ball 1-1: Ground out U3 (Groundball, 3L, EV 88.8 MPH)
|
| Bottom of the 2nd over - 0 runs, 0 hits, 0 errors, 0 left on base; Erie 0 - Birmingham 0 |
| TOP OF THE 3RD |
|
Erie SeaWolves batting - Pitching for Birmingham Barons : RHP Mario Medrano
|
|
Batting: RHB German Quiroga
|
0-0: Ball 1-0: Called Strike 1-1: Ground out 5-3 (Groundball, 56, EV 86.9 MPH)
|
|
Batting: RHB Keith Hoffman
|
0-0: Ball 1-0: Foul Ball, location: 2F 1-1: Ball 2-1: SINGLE (Groundball, 34S, EV 66.9 MPH) (infield hit)
|
|
Batting: RHB Janne Vihko
|
0-0: Called Strike 0-1: Grounds into double play, 5-4-3 (Groundball, 56, EV 94.4 MPH)
|
| Top of the 3rd over - 0 runs, 1 hit, 0 errors, 0 left on base; Erie 0 - Birmingham 0 |
| BOTTOM OF THE 3RD |
|
Birmingham Barons batting - Pitching for Erie SeaWolves : RHP Martin Murillo
|
|
Batting: RHB Trevor Conklin
|
0-0: Called Strike 0-1: Foul Ball, location: 2F 0-2: Strikes out looking
|
|
Batting: RHB Jerry Edmiston
|
0-0: Fly out, F9 (Line Drive, 9, EV 89.4 MPH)
|
|
Batting: RHB Danny Heikkila
|
0-0: Ground out 4-3 (Groundball, 4D, EV 101.2 MPH)
|
| Bottom of the 3rd over - 0 runs, 0 hits, 0 errors, 0 left on base; Erie 0 - Birmingham 0 |
| TOP OF THE 4TH |
|
Erie SeaWolves batting - Pitching for Birmingham Barons : RHP Mario Medrano
|
|
Batting: LHB Nick Nino
|
0-0: Ball 1-0: Called Strike 1-1: Called Strike 1-2: Foul Ball, location: 2F 1-2: Foul Ball, location: 2F 1-2: Ground out 4-3 (Groundball, 34, EV 98.8 MPH)
|
|
Batting: SHB Willie Medina
|
0-0: Called Strike 0-1: Called Strike 0-2: Ball 1-2: SINGLE (Groundball, 4M, EV 94.4 MPH)
|
|
Batting: RHB Benny O'Connor
|
0-0: Called Strike Willie Medina steals 2nd base 0-1: Foul Ball, location: 2F 0-2: Ground out 3-1 (Groundball, 34S, EV 87.5 MPH) Willie Medina to third
|
|
Batting: LHB Afanasy Zasekin
|
0-0: Called Strike 0-1: Foul Ball, location: 2F 0-2: Ball 1-2: Ball 2-2: Strikes out swinging
|
| Top of the 4th over - 0 runs, 1 hit, 0 errors, 1 left on base; Erie 0 - Birmingham 0 |
| BOTTOM OF THE 4TH |
|
Birmingham Barons batting - Pitching for Erie SeaWolves : RHP Martin Murillo
|
|
Batting: SHB Veit Geisler
|
0-0: Ball 1-0: Ground out 4-3 (Groundball, 4, EV 81.9 MPH)
|
|
Batting: SHB Ruben Velasco Jr.
|
0-0: Ball 1-0: Ball 2-0: Ball 3-0: Called Strike 3-1: Foul Ball, location: 2F 3-2: Strikes out looking
|
|
Batting: LHB Carlos Ramirez
|
0-0: Ball 1-0: Foul Ball, location: 2F 1-1: Swinging Strike 1-2: Strikes out looking
|
| Bottom of the 4th over - 0 runs, 0 hits, 0 errors, 0 left on base; Erie 0 - Birmingham 0 |
| TOP OF THE 5TH |
|
Erie SeaWolves batting - Pitching for Birmingham Barons : RHP Mario Medrano
|
|
Batting: RHB Norm Wood
|
0-0: SINGLE (Groundball, 34D, EV 99.4 MPH)
|
|
Batting: LHB Jamie Christian
|
0-0: Ball 1-0: Ball 2-0: Ball 3-0: Called Strike 3-1: Foul Ball, location: 2F 3-2: Foul Ball, location: 2F 3-2: Base on Balls Norm Wood to second
|
|
Batting: RHB German Quiroga
|
0-0: Fielders Choice at 2nd, 1-6 (Groundball, 13S, EV 75.0 MPH) Norm Wood to third
|
|
Batting: RHB Keith Hoffman
|
0-0: Foul Ball, location: 2F 0-1: Foul Ball, location: 2F 0-2: Strikes out swinging
|
|
Batting: RHB Janne Vihko
|
0-0: Called Strike 0-1: Ball 1-1: Ball 2-1: Fly out, F8 (Flyball, 8LM, EV 91.2 MPH)
|
| Top of the 5th over - 0 runs, 1 hit, 0 errors, 2 left on base; Erie 0 - Birmingham 0 |
| BOTTOM OF THE 5TH |
|
Birmingham Barons batting - Pitching for Erie SeaWolves : RHP Martin Murillo
|
|
Batting: LHB Jason Bell
|
0-0: Ball 1-0: Ball 2-0: Called Strike 2-1: Ground out 4-3 (Groundball, 34D, EV 105.0 MPH)
|
|
Batting: LHB Herkko Haavikko
|
0-0: Called Strike 0-1: SINGLE (Line Drive, 8RS, EV 90.0 MPH)
|
|
Batting: LHB Matt Hyde
|
0-0: Ball 1-0: Called Strike 1-1: Ball 2-1: Ground out 6-3 (Groundball, 4MS, EV 64.4 MPH) Herkko Haavikko to second
|
|
Batting: RHB Trevor Conklin
|
0-0: Swinging Strike 0-1: Ground out 4-3 (Groundball, 4, EV 105.0 MPH)
|
| Bottom of the 5th over - 0 runs, 1 hit, 0 errors, 1 left on base; Erie 0 - Birmingham 0 |
| TOP OF THE 6TH |
|
Erie SeaWolves batting - Pitching for Birmingham Barons : RHP Mario Medrano
|
|
Batting: LHB Nick Nino
|
0-0: Ball 1-0: Called Strike 1-1: Ball 2-1: Foul Ball, location: 2F 2-2: Fly out, F7 (Line Drive, 7, EV 86.2 MPH)
|
|
Batting: SHB Willie Medina
|
0-0: Ball 1-0: Foul Ball, location: 2F 1-1: Ball 2-1: Foul Ball, location: 2F 2-2: Fly out, F4 (Flyball, 4D, EV 92.5 MPH)
|
|
Batting: RHB Benny O'Connor
|
0-0: Ball 1-0: Ball 2-0: Called Strike 2-1: Ball 3-1: Foul Ball, location: 2F 3-2: Fly out, F9 (Flyball, 9, EV 89.4 MPH)
|
| Top of the 6th over - 0 runs, 0 hits, 0 errors, 0 left on base; Erie 0 - Birmingham 0 |
| BOTTOM OF THE 6TH |
|
Birmingham Barons batting - Pitching for Erie SeaWolves : RHP Martin Murillo
|
|
Batting: RHB Jerry Edmiston
|
0-0: Called Strike 0-1: Fly out, F9 (Flyball, 9S, EV 87.5 MPH)
|
|
Batting: RHB Danny Heikkila
|
0-0: Ball 1-0: Called Strike 1-1: Ball 2-1: Fly out, F9 (Flyball, 89M, EV 93.1 MPH)
|
|
Batting: SHB Veit Geisler
|
0-0: Called Strike 0-1: DOUBLE (Groundball, 3L, EV 100.6 MPH)
|
|
Batting: SHB Ruben Velasco Jr.
|
0-0: Called Strike 0-1: Ball 1-1: Swinging Strike 1-2: Strikes out swinging
|
| Bottom of the 6th over - 0 runs, 1 hit, 0 errors, 1 left on base; Erie 0 - Birmingham 0 |
| TOP OF THE 7TH |
|
Erie SeaWolves batting - Pitching for Birmingham Barons : RHP Mario Medrano
|
|
Batting: LHB Afanasy Zasekin
|
0-0: Ball 1-0: Called Strike 1-1: Ball 2-1: Swinging Strike 2-2: Ground out 4-3 (Groundball, 4, EV 84.4 MPH)
|
|
Batting: RHB Norm Wood
|
0-0: Called Strike 0-1: SINGLE (Groundball, 34D, EV 105.0 MPH)
|
|
Batting: LHB Jamie Christian
|
0-0: Ball Norm Wood is caught stealing 2nd base 2-6 1-0: Ground out U3 (Groundball, 34, EV 88.1 MPH)
|
| Top of the 7th over - 0 runs, 1 hit, 0 errors, 0 left on base; Erie 0 - Birmingham 0 |
| BOTTOM OF THE 7TH |
|
Birmingham Barons batting - Pitching for Erie SeaWolves : RHP Martin Murillo
|
|
Batting: LHB Carlos Ramirez
|
0-0: Ball 1-0: Called Strike 1-1: Fly out, F8 (Flyball, 8RD, EV 97.5 MPH)
|
|
Batting: LHB Jason Bell
|
0-0: Called Strike 0-1: Ball 1-1: Called Strike 1-2: Strikes out swinging
|
|
Batting: LHB Herkko Haavikko
|
0-0: Ball 1-0: Fly out, F7 (Line Drive, 7S, EV 91.2 MPH)
|
| Bottom of the 7th over - 0 runs, 0 hits, 0 errors, 0 left on base; Erie 0 - Birmingham 0 |
| TOP OF THE 8TH |
|
Erie SeaWolves batting - Pitching for Birmingham Barons : RHP Mario Medrano
|
|
Batting: RHB German Quiroga
|
0-0: Ball 1-0: Called Strike 1-1: Foul Ball, location: 2F 1-2: Ball 2-2: SINGLE (Line Drive, 8LS, EV 106.2 MPH)
|
|
Pitching: RHP Jose Vigil
|
|
|
Pinch Runner at 1st Tanner Purchase:
|
|
|
Batting: RHB Keith Hoffman
|
0-0: Sac Bunt to 13 - play at first, batter OUT! 1-3 Tanner Purchase to second
|
|
Pinch Hitting: LHB Jon Frederick
|
0-0: Intentional Walk
|
|
Batting: LHB Nick Nino
|
0-0: Ball 1-0: Fielders Choice at 2nd, 4-6 (Groundball, 4, EV 98.1 MPH) Tanner Purchase to third
|
|
Batting: SHB Willie Medina
|
0-0: Swinging Strike 0-1: Ball 1-1: Foul Ball, location: 2F 1-2: Foul Ball, location: 2F 1-2: Strikes out swinging
|
| Top of the 8th over - 0 runs, 1 hit, 0 errors, 2 left on base; Erie 0 - Birmingham 0 |
| BOTTOM OF THE 8TH |
|
Birmingham Barons batting - Pitching for Erie SeaWolves : RHP Martin Murillo
|
|
Now at 3B: J.J. Basil
|
|
|
Now in CF: Tanner Purchase
|
|
|
Batting: LHB Matt Hyde
|
0-0: Called Strike 0-1: Ground out 6-3 (Groundball, 6MD, EV 88.1 MPH)
|
|
Batting: RHB Trevor Conklin
|
0-0: Ball 1-0: Ball 2-0: Called Strike 2-1: Called Strike 2-2: Strikes out swinging
|
|
Batting: RHB Jerry Edmiston
|
0-0: Ball 1-0: Foul Ball, location: 2F 1-1: Ground out 4-3 (Groundball, 4M, EV 106.9 MPH)
|
| Bottom of the 8th over - 0 runs, 0 hits, 0 errors, 0 left on base; Erie 0 - Birmingham 0 |
| TOP OF THE 9TH |
|
Erie SeaWolves batting - Pitching for Birmingham Barons : RHP Jose Vigil
|
|
Batting: RHB Benny O'Connor
|
0-0: Ball 1-0: Ball 2-0: Ball 3-0: Ground out 4-3 (Groundball, 4MS, EV 83.1 MPH)
|
|
Batting: LHB Afanasy Zasekin
|
0-0: Foul Ball, location: 2F 0-1: Ground out 6-3 (Groundball, 6, EV 85.0 MPH)
|
|
Batting: RHB Norm Wood
|
0-0: Called Strike 0-1: Foul Ball, location: 2F 0-2: Ball 1-2: Ball 2-2: Fly out, F8 (Flyball, 8RD, EV 106.9 MPH)
|
| Top of the 9th over - 0 runs, 0 hits, 0 errors, 0 left on base; Erie 0 - Birmingham 0 |
| BOTTOM OF THE 9TH |
|
Birmingham Barons batting - Pitching for Erie SeaWolves : RHP Martin Murillo
|
|
Pitching: RHP Kyle Moore
|
|
|
Pinch Hitting: LHB Dalton Silveira
|
0-0: Swinging Strike 0-1: Ball 1-1: Ball 2-1: Swinging Strike 2-2: Ball 3-2: Foul Ball, location: 2F 3-2: Strikes out swinging
|
|
Batting: SHB Veit Geisler
|
0-0: Foul Ball, location: 2F 0-1: Ball 1-1: Ground out 4-3 (Groundball, 4, EV 97.5 MPH)
|
|
Batting: SHB Ruben Velasco Jr.
|
0-0: Ball 1-0: Called Strike 1-1: Called Strike 1-2: Ball 2-2: SINGLE (Groundball, 34D, EV 102.5 MPH)
|
|
Batting: LHB Carlos Ramirez
|
0-0: Called Strike Ruben Velasco Jr. is caught stealing 2nd base 2-6
|
| Bottom of the 9th over - 0 runs, 1 hit, 0 errors, 0 left on base; Erie 0 - Birmingham 0 |
| TOP OF THE 10TH |
|
Erie SeaWolves batting - Pitching for Birmingham Barons : RHP Jose Vigil
|
|
Pitching: LHP Amari Miller
|
|
|
Now at 2B: Veit Geisler
|
|
|
Now at 3B: Dalton Silveira
|
|
|
Pinch Hitting: RHB Jon Goldstein
|
0-0: Ground out 5-3 (Groundball, 56, EV 108.8 MPH)
|
|
Batting: RHB Tanner Purchase
|
0-0: Ball 1-0: Fly out, F9 (Flyball, 9, EV 94.4 MPH)
|
|
Batting: RHB Keith Hoffman
|
0-0: Ball 1-0: Swinging Strike 1-1: Ball 2-1: Swinging Strike 2-2: Strikes out swinging
|
| Top of the 10th over - 0 runs, 0 hits, 0 errors, 0 left on base; Erie 0 - Birmingham 0 |
| BOTTOM OF THE 10TH |
|
Birmingham Barons batting - Pitching for Erie SeaWolves : RHP Kyle Moore
|
|
Now at C: Jon Goldstein
|
|
|
Batting: LHB Carlos Ramirez
|
0-0: Called Strike 0-1: Ball 1-1: Foul Ball, location: 2F 1-2: Ball 2-2: Fly out, F8 (Flyball, 8LM, EV 81.9 MPH)
|
|
Batting: LHB Jason Bell
|
0-0: Called Strike 0-1: Ball 1-1: Foul Ball, location: 2F 1-2: Foul Ball, location: 2F 1-2: Ball 2-2: Ball 3-2: Fly out, F7 (Line Drive, 78M, EV 102.5 MPH)
|
|
Batting: LHB Herkko Haavikko
|
0-0: Called Strike 0-1: Ball 1-1: Ground out 4-3 (Groundball, 4, EV 80.6 MPH)
|
| Bottom of the 10th over - 0 runs, 0 hits, 0 errors, 0 left on base; Erie 0 - Birmingham 0 |
| TOP OF THE 11TH |
|
Erie SeaWolves batting - Pitching for Birmingham Barons : LHP Amari Miller
|
|
Batting: RHB J.J. Basil
|
0-0: Called Strike 0-1: Foul Ball, location: 2F 0-2: Strikes out swinging
|
|
Pinch Hitting: SHB Chris Wagler
|
0-0: Called Strike 0-1: Ball 1-1: Foul Ball, location: 2F 1-2: Fly out, F7 (Flyball, 7LM, EV 95.6 MPH)
|
|
Batting: SHB Willie Medina
|
0-0: Ball 1-0: Ball 2-0: Ball 3-0: Called Strike 3-1: Foul Ball, location: 2F 3-2: Base on Balls
|
|
Batting: RHB Benny O'Connor
|
Pickoff Play to 1st, Runner tries for 2nd, OUT after rundown.
|
| Top of the 11th over - 0 runs, 0 hits, 0 errors, 0 left on base; Erie 0 - Birmingham 0 |
| BOTTOM OF THE 11TH |
|
Birmingham Barons batting - Pitching for Erie SeaWolves : RHP Kyle Moore
|
|
Now at 2B: J.J. Basil
|
|
|
Now at 3B: Chris Wagler
|
|
|
Batting: LHB Matt Hyde
|
0-0: Ball 1-0: Called Strike 1-1: Fly out, F8 (Flyball, 8RD, EV 99.4 MPH)
|
|
Pinch Hitting: LHB Joe Kirkland
|
0-0: Fly out, F8 (Flyball, 78M, EV 96.9 MPH)
|
|
Pinch Hitting: LHB Larry Myers
|
0-0: Fly out, F7 (Line Drive, 7D, EV 103.8 MPH)
|
| Bottom of the 11th over - 0 runs, 0 hits, 0 errors, 0 left on base; Erie 0 - Birmingham 0 |
| TOP OF THE 12TH |
|
Erie SeaWolves batting - Pitching for Birmingham Barons : LHP Amari Miller
|
|
Now at C: Jose Medina
|
|
|
Now at SS: Matt Childers
|
|
|
Batting: RHB Benny O'Connor
|
0-0: Called Strike 0-1: Foul Ball, location: 2F 0-2: Ball 1-2: Ball 2-2: Ground out 6-3 (Groundball, 6, EV 91.2 MPH)
|
|
Pinch Hitting: RHB Brandon O'Malley
|
0-0: Called Strike 0-1: Ground out 6-3 (Groundball, 6S, EV 67.5 MPH)
|
|
Batting: RHB Norm Wood
|
0-0: Called Strike 0-1: Foul Ball, location: 2F 0-2: Ball 1-2: Strikes out swinging
|
| Top of the 12th over - 0 runs, 0 hits, 0 errors, 0 left on base; Erie 0 - Birmingham 0 |
| BOTTOM OF THE 12TH |
|
Birmingham Barons batting - Pitching for Erie SeaWolves : RHP Kyle Moore
|
|
Now in RF: Brandon O'Malley
|
|
|
Batting: LHB Dalton Silveira
|
0-0: Called Strike 0-1: Swinging Strike 0-2: Foul Ball, location: 2F 0-2: Ball 1-2: Ball 2-2: Strikes out swinging
|
|
Batting: SHB Veit Geisler
|
0-0: Called Strike 0-1: Ball 1-1: Foul Ball, location: 2F 1-2: Fly out, F3 (Line Drive, 3, EV 68.8 MPH)
|
|
Batting: SHB Ruben Velasco Jr.
|
0-0: Ball 1-0: Swinging Strike 1-1: Ball 2-1: Called Strike 2-2: Ball 3-2: Base on Balls
|
|
Pitching: RHP Dale Gilbert
|
|
|
Batting: LHB Carlos Ramirez
|
0-0: Called Strike 0-1: Foul Ball, location: 2F 0-2: Fly out, F8 (Flyball, 8LD, EV 96.9 MPH)
|
| Bottom of the 12th over - 0 runs, 0 hits, 0 errors, 1 left on base; Erie 0 - Birmingham 0 |
| TOP OF THE 13TH |
|
Erie SeaWolves batting - Pitching for Birmingham Barons : LHP Amari Miller
|
|
Pitching: RHP Nate Myers
|
|
|
Batting: RHB Jon Goldstein
|
0-0: Fly out, F8 (Flyball, 8LD, EV 90.0 MPH)
|
|
Batting: RHB Tanner Purchase
|
0-0: Fly out, F6 (Line Drive, 6, EV 62.5 MPH)
|
|
Batting: RHB Keith Hoffman
|
0-0: Ball 1-0: Called Strike 1-1: SINGLE (Line Drive, 7S, EV 89.4 MPH)
|
|
Batting: RHB J.J. Basil
|
0-0: Ball 1-0: Ball 2-0: Called Strike 2-1: Ball 3-1: Base on Balls Keith Hoffman to second
|
|
Batting: SHB Chris Wagler
|
0-0: Foul Ball, location: 2F 0-1: Ball 1-1: Called Strike 1-2: Ball 2-2: Ball 3-2: SINGLE (Groundball, 56S, EV 72.5 MPH) (infield hit) Keith Hoffman to third J.J. Basil to second
|
|
Pitching: LHP James Reynolds
|
|
|
Batting: SHB Willie Medina
|
0-0: Ball 1-0: Ball 2-0: Ball 3-0: Base on Balls Keith Hoffman scores J.J. Basil to third Chris Wagler to second
|
|
Batting: RHB Benny O'Connor
|
0-0: Ball 1-0: Called Strike 1-1: Ball 2-1: Ball 3-1: Fielders Choice at 2nd, 6-4 (Groundball, 6MD, EV 84.4 MPH)
|
| Top of the 13th over - 1 run, 2 hits, 0 errors, 3 left on base; Erie 1 - Birmingham 0 |
| BOTTOM OF THE 13TH |
|
Birmingham Barons batting - Pitching for Erie SeaWolves : RHP Dale Gilbert
|
|
Batting: LHB Jason Bell
|
0-0: Called Strike 0-1: Called Strike 0-2: Strikes out swinging
|
|
Batting: LHB Herkko Haavikko
|
0-0: Ball 1-0: SINGLE (Line Drive, 6MD, EV 101.2 MPH)
|
|
Batting: LHB Matt Hyde
|
0-0: Ball 1-0: Called Strike 1-1: Ball 2-1: Grounds into double play, 4-6-3 (Groundball, 4, EV 80.6 MPH)
|
| Bottom of the 13th over - 0 runs, 1 hit, 0 errors, 0 left on base; Erie 1 - Birmingham 0 |
|